 Dungeon Crawl Stone Soup version 0.28-a0-1435-g82390b3a13 (webtiles) character file.

Game seed: 15868689168142017011

36 lunkers the Ducker (level 3, -2/24 HPs)
             Began as a Demonspawn Wanderer on Jan 6, 2022.
             Slain by an iguana (11 damage)
             ... on level 2 of the Dungeon on Jan 9, 2022.
             The game lasted 00:02:05 (1560 turns).

lunkers the Ducker (Demonspawn Wanderer)            Turns: 1560, Time: 00:02:06

Health: -2/24      AC:  5    Str: 12    XL:     3   Next: 19%
Magic:  4/4        EV: 13    Int: 13    God:
Gold:   22         SH:  0    Dex: 14    Spells: 3/4 levels left

rFire   . . .      SeeInvis .   a - +2 mace
rCold   . . .      Faith    .   (no shield)
rNeg    . . .      Spirit   .   c - +0 robe
rPois   .          Reflect  .   g - +0 helmet
rElec   .          Harm     .   n - +0 cloak
rCorr   .          Rampage  .   (no gloves)
Will    .....                   b - +0 pair of boots
Stlth   +.........              (no amulet)
HPRegen 0.08/turn               (no ring)
MPRegen 0.09/turn               (no ring)

@: no status effects
A: demonic guardian 1
a: no special abilities


You were on level 2 of the Dungeon.
You visited 1 branch of the dungeon, and saw 2 of its levels.

You collected 22 gold pieces.

Inventory:

Hand Weapons
 a - a +2 mace (weapon)
Missiles
 l - 5 stones
Armour
 b - a +0 pair of boots (worn)
 c - a +0 robe (worn)
 g - a +0 helmet (worn)
 n - a +0 cloak (worn)
Jewellery
 m - a ring of flight
Scrolls
 d - a scroll of noise {unknown}
 f - a scroll of magic mapping {unknown}
 h - a scroll of identify {unknown}
 j - a scroll of enchant weapon {unknown}
 k - a scroll of teleportation {unknown}
Potions
 e - a potion of resistance {unknown}
 i - a potion of heal wounds {unknown}


   Skills:
 + Level 0.3 Fighting
 * Level 3.3 Maces & Flails
 - Level 3.6 Dodging
 - Level 1.0 Spellcasting
 - Level 2.0 Hexes
 - Level 1.0 Evocations


You had 3 spell levels left.
You knew the following spells:

 Your Spells              Type           Power      Damage    Failure   Level
p - Slow                  Hex            20%        N/A       12%         1

Your spell library contained the following spells:

 Spells                   Type           Power      Damage    Failure   Level
 Confusing Touch          Hex            5%         N/A       36%         3


Dungeon Overview and Level Annotations

Branches:
Dungeon (2/15)

Altars:

Shops:
D:1 [


Innate Abilities, Weirdness & Mutations

A weak demonic guardian rushes to your aid.


Message History

Found a stone staircase leading down.
You start resting.
Your ufetubus disappears in a puff of smoke!
HP restored.
An iguana is nearby!
An iguana is nearby!
An iguana is nearby!
The iguana hisses angrily.
You see here a dart slug corpse.
Found an escape hatch in the floor.
You hit the iguana but do no damage. The iguana bites you!
* * * LOW HITPOINT WARNING * * *
The iguana barely misses you.
You barely miss the iguana.
The iguana bites you but does no damage.
You hit the iguana.
The iguana is lightly wounded.
The iguana closely misses you.
You closely miss the iguana.
The iguana is lightly wounded.
The iguana misses you.
You thump the iguana!
The iguana is heavily wounded.
The iguana barely misses you. x2
You closely miss the iguana.
The iguana is heavily wounded.
The iguana closely misses you.
You hit the iguana but do no damage.
The iguana is heavily wounded.
The iguana bites you.
* * * LOW HITPOINT WARNING * * *
A demonic guardian appears!
You hit the iguana.
The iguana is almost dead.
The iguana bites you.
* * * LOW HITPOINT WARNING * * *
You hit the iguana but do no damage.
The iguana is almost dead.
The iguana bites you!
You die...

#.# #.# #.##
#..### ##...#
#...# #††.#
####...#####...
#.....5@l......
#..........>...
#..(...........
#.......####...
#.....#.# ..
#######.. . ##.
.


You could see an iguana (ally target) and a friendly white imp (summoned).

Vanquished Creatures
  A worm (D:2)
  5 endoplasms (D:1)
  A giant cockroach (D:1)
  4 hobgoblins (D:1)
  2 kobolds (D:1)
  4 ball pythons (D:1)
  4 bats (D:1)
  2 frilled lizards (D:1)
  A goblin (D:1)
  2 rats (D:1)
26 creatures vanquished.

Vanquished Creatures (collateral kills)
  A worm (D:2)
  A dart slug (D:2)
2 creatures vanquished.

Grand Total: 28 creatures vanquished

Notes
Turn   | Place    | Note
-------+----------+-------------------------------------------
     0 | D:1      | lunkers the Demonspawn Wanderer began the quest for the
                  | Orb.
     0 | D:1      | lunkers set off with the following items: a +2 mace, a +0
                  | pair of boots, a +0 robe; and the following spell
                  | memorised: Slow; and the following spells available to
                  | memorise: Confusing Touch
     0 | D:1      | Reached XP level 1. HP: 13/13 MP: 2/2
   463 | D:1      | Gained mutation: A weak demonic guardian rushes to your
                  | aid. [demonic ancestry]
   463 | D:1      | Reached XP level 2. HP: 18/19 MP: 3/3
   485 | D:1      | You fall into a shaft and drop 1 floor!
   587 | D:1      | Found Tayri's Antique Armour Emporium.
  1091 | D:1      | Found a faded altar of an unknown god.
  1386 | D:1      | Upgraded the game from 0.28-a0-1412-gf95308ed99 to
                  | 0.28-a0-1435-g82390b3a13
  1419 | D:2      | Reached XP level 3. HP: 24/24 MP: 4/4
  1560 | D:2      | Slain by an iguana

Illustrated notes

Levels and vault maps discovered:
D:1:      saegor_arrival_simple_e, layout_basic,
          dilly_ecumenical_altar_fadedgnrine, serial_shops, shop_fountains,
          st_stairs_7
D:2:      layout_basic, serial_shops, nicolae_shop_crystal, fountainhead

Skill      XL: |  1  2 |
---------------+-------+-----
Maces & Flails | 2 3 |  3.3
Fighting       | |  0.3
Dodging        | |  3.6
Spellcasting   | |  1.0
Hexes          | |  2.0
Evocations     | |  1.0

Action                   || total
-------------------------++-------
Melee: Mace              ||    80
 Cast: Slow              ||     2
Armor: Robe              ||    21
Dodge: Dodged            ||    57

Table legend: (Time is in decaauts)
 A = Elapsed time spent in this place.
 B = Non-inter-level travel time spent in this place.
 C = Inter-level travel time spent in this place.
 D = Time resting spent in this place.
 E = Time spent auto-exploring this place.
 F = Levels seen in this place.
 G = Mean time per level.
                   A        B        C        D        E       F      G
               +--------+--------+--------+--------+--------+-----+--------+
         Total |   1581 |   1535 |     46 |    117 |   1192 |   2 |  790.5 |
       Dungeon |   1581 |   1535 |     46 |    117 |   1192 |   2 |  790.5 |
               +--------+--------+--------+--------+--------+-----+--------+

Top non-repeatable levels by time:
     D:1: 1408 daAuts
     D:2: 173 daAuts
